Map: Para Site LE

Players

Mesrob

  • Race: Terran Terran
  • League: Gold
  • Spawn Location: 5:00

MAGNUM - Winner!

  • Race: Zerg Zerg
  • League: Gold
  • Spawn Location: 11:00

VOD

Have the link to the VOD?

Description

Time

  • Played on: Jan. 14, 2019, 10:51 p.m.
  • Length: 20:24
Show
View Real Time Build Order
Export as new Build Order

Mesrob Terran 

Build Orders: Mech 

Get SALT Encoding   

  12  0:01  SCV  
  13  0:13  SCV  
  14  0:17  Supply Depot  
  14  0:25  SCV  
  15  0:39  SCV  
  15  0:40  Barracks  
  16  0:50  Refinery  
  16  0:51  SCV  
  17  1:03  SCV  
  18  1:15  SCV  
  19  1:27  Orbital Command  
  19  1:37  Command Center  
  19  1:47  Marine  
  20  1:59  Bunker  
  20  2:07  SCV  
  21  2:14  Refinery  
  21  2:19  SCV  
  22  2:27  Factory  
  22  2:30  Supply Depot  
  22  2:31  Marine  
  23  2:49  SCV  
  24  2:53  Barracks Tech Lab, Supply Depot  
  24  2:58  Engineering Bay  
  24  3:01  Orbital Command, SCV  
  25  3:29  Siege Tank  
  28  3:35  SCV x2  
  30  3:43  Marine  
  30  3:47  SCV x2  
  33  3:53  Missile Turret  
  33  3:59  Missile Turret  
  33  4:01  Siege Tank, SCV  
  37  4:03  SCV  
  38  4:13  SCV  
  38  4:14  Missile Turret  
  38  4:15  Missile Turret, SCV  
  40  4:25  SCV  
  40  4:27  SCV  
  42  4:33  Command Center  
  42  4:35  Missile Turret  
  42  4:36  Factory  
  42  4:37  Siege Tank  
  45  4:50  Armory  
  45  5:00  SCV  
  45  5:02  SCV  
  45  5:06  Refinery  
  47  5:09  Siege Tank  
  47  5:12  SCV  
  51  5:14  SCV  
  51  5:20  Factory, Factory Reactor  
  52  5:24  SCV  
  52  5:26  SCV  
  54  5:37  Missile Turret  
  54  5:39  Terran Vehicle Weapons Level 1  
  54  5:44  SCV x2  
  54  5:47  Supply Depot  
  54  5:49  Supply Depot  
  56  5:56  Missile Turret  
  56  5:57  SCV x2  
  58  6:10  Supply Depot  
  58  6:12  Supply Depot  
  58  6:33  Supply Depot  
  58  6:35  Hellbat x2, Thor  
  58  6:36  Factory Tech Lab, Supply Depot  
  68  6:45  Factory  
  68  6:56  Supply Depot  
  68  6:58  Supply Depot  
  68  7:11  Planetary Fortress  
  68  7:17  SCV x2  
  70  7:29  SCV x2  
  72  7:33  Terran Vehicle And Ship Armor Level 1  
  72  7:40  Armory  
  72  7:41  Factory Tech Lab, SCV x2  
  74  7:53  SCV x2  
  74  7:54  Refinery  
  74  7:57  Refinery  
  76  8:05  SCV x2  
  78  8:06  Refinery  
  78  8:09  Hellbat x2, Thor  
  92  8:13  Hellbat x2  
  92  8:17  SCV  
  93  8:21  Factory  
  90  8:37  Thor  
  96  8:50  SCV x3  
  99  9:02  SCV  
  100  9:03  Thor  
  100  9:05  Hellbat x2  
  100  9:06  Factory Reactor  
  110  9:23  Factory  
  110  9:24  Thor x2  
  122  9:32  Missile Turret  
  122  9:45  Hellbat x4  
  130  10:07  Sensor Tower  
  130  10:08  SCV x2  
  130  10:09  SCV  
  133  10:17  Factory Tech Lab  
  133  10:31  Supply Depot  
  133  10:39  Sensor Tower  
  133  10:42  Supply Depot  
  133  10:43  Supply Depot  
  133  10:47  Terran Vehicle Weapons Level 2  
  133  10:49  Terran Vehicle And Ship Armor Level 2  
  133  10:53  Hellbat x3, SCV x2  
  133  10:55  Supply Depot  
  141  11:04  Hellbat, Thor x2  
  141  11:05  Supply Depot  
  141  11:06  Supply Depot, Command Center  
  155  11:12  Command Center  
  155  11:15  Hellbat  
  155  11:16  Thor  
  155  11:17  Hellbat  
  165  11:18  Supply Depot  
  165  11:27  Hellbat x2, Supply Depot, Thor  
  165  11:28  Supply Depot  
  175  11:47  Thor x2  
  171  11:51  SCV  
  171  11:52  SCV x2  
  186  11:59  Thor  
  192  12:03  SCV  
  192  12:04  SCV  
  194  12:27  Planetary Fortress, Missile Turret  
  194  12:32  Sensor Tower  
  194  12:42  Thor  
  200  12:47  Missile Turret  
  200  12:51  Factory  
  200  12:53  Refinery  
  200  13:07  Missile Turret  
  200  13:18  Refinery  
  200  13:21  Factory  
  200  13:27  Engineering Bay  
  169  14:12  Thor  
  169  14:13  Thor x3  
  169  14:15  Factory Reactor  
  169  14:16  Hellbat x2, Factory Tech Lab  
  199  14:17  Hellbat  
  190  15:15  Thor x2  
  188  15:23  Thor x3  
  188  15:26  Hellbat x2  
  188  15:27  Hellbat x3  
  188  15:28  Hellbat  
  110  15:57  Hellbat, Thor x2  
  110  15:58  Hellbat x4  
  110  15:59  Hellbat  
  134  16:06  Thor x2  
  134  16:11  Starport x2  
  146  16:12  Starport  
  146  16:13  Starport  
  146  16:14  Starport x2  
  146  16:20  Starport  
  143  16:57  Starport Tech Lab x3  
  143  16:58  Starport Tech Lab x2, Fusion Core  
  143  17:01  Starport Tech Lab  
  143  17:03  Starport Tech Lab  
  119  17:52  Battlecruiser  
  119  17:53  Battlecruiser x2  
  119  17:55  Battlecruiser  
  113  18:00  Hellbat x6  
  113  18:01  Hellbat x5  
  77  18:21  Hellbat  
  77  18:22  Hellbat  
  72  18:43  Missile Turret  
Show
View Real Time Build Order
Export as new Build Order

MAGNUM Zerg - Winner!

Build Orders: Hatch First 

Get SALT Encoding   

  12  0:04  Drone  
  13  0:13  Overlord  
  13  0:18  Drone  
  14  0:34  Drone  
  14  0:35  Drone  
  16  0:48  Drone  
  17  0:53  Hatchery  
  17  0:56  Drone  
  17  1:00  Drone  
  17  1:02  Extractor  
  17  1:14  Spawning Pool  
  17  1:17  Drone  
  17  1:24  Overlord  
  17  1:31  Drone  
  18  1:43  Drone  
  19  2:04  Zergling x2  
  19  2:05  Zergling x2, Queen  
  19  2:06  Queen  
  25  2:10  Drone  
  26  2:22  Drone x2  
  28  2:39  Drone x3  
  28  2:43  Zergling x2  
  32  2:46  Metabolic Boost  
  32  2:50  Drone x2  
  34  3:01  Hatchery  
  34  3:03  Drone  
  34  3:04  Drone  
  35  3:12  Overlord  
  35  3:13  Overlord  
  35  3:33  Zergling x10  
  40  3:39  Drone x2  
  42  3:48  Drone, Roach Warren  
  42  3:49  Drone  
  42  3:52  Drone  
  44  4:00  Overlord  
  44  4:19  Extractor  
  44  4:23  Drone  
  44  4:24  Drone x3  
  46  4:25  Drone  
  46  4:26  Drone  
  46  4:29  Roach x2  
  53  4:35  Drone x4  
  57  4:45  Extractor  
  56  4:47  Roach  
  56  4:49  Overlord x2  
  58  4:55  Overlord  
  58  5:03  Pneumatized Carapace  
  58  5:11  Roach  
  58  5:12  Roach x3  
  66  5:22  Roach x2  
  66  5:23  Zergling x8  
  66  5:27  Overlord x2  
  66  5:28  Overlord  
  74  5:49  Lair  
  74  5:53  Queen  
  74  5:55  Drone x3  
  79  6:00  Drone  
  79  6:01  Drone  
  79  6:03  Roach x2  
  85  6:06  Zergling x8  
  85  6:07  Zergling x2  
  90  6:11  Drone  
  90  6:13  Overlord  
  89  6:32  Drone x4  
  93  6:33  Drone  
  93  6:39  Roach x2  
  102  6:40  Overlord, Roach x3  
  102  6:41  Overlord  
  104  7:01  Zergling x8  
  102  7:05  Glial Reconstitution  
  104  7:19  Hydralisk Den  
  104  7:20  Drone x2  
  104  7:21  Drone  
  107  7:22  Drone  
  107  7:23  Drone x2  
  107  7:29  Extractor  
  108  7:31  Roach  
  108  7:32  Roach x4  
  118  7:47  Hatchery  
  118  7:48  Hydralisk x2  
  121  7:54  Evolution Chamber  
  120  8:08  Extractor  
  120  8:10  Drone x2  
  120  8:11  Overlord x2  
  120  8:12  Overlord  
  108  8:30  Zergling x2  
  108  8:31  Zergling x24  
  119  8:38  Drone x2  
  119  8:39  Drone  
  119  8:40  Hydralisk x3  
  128  8:47  Zerg Missile Weapons Level 1  
  128  8:49  Evolution Chamber  
  128  8:52  Infestation Pit  
  126  8:56  Baneling Nest  
  125  9:03  Zergling x2  
  125  9:04  Zergling x10  
  131  9:10  Overlord  
  131  9:11  Overlord x3  
  131  9:41  Zergling x6, Spire  
  131  9:42  Zergling x26  
  146  9:47  Centrifical Hooks  
  146  9:55  Drone x3  
  146  9:56  Queen  
  151  10:03  Baneling  
  151  10:04  Baneling x21  
  151  10:09  Hive  
  151  10:28  Baneling x5  
  151  10:31  Baneling x3  
  151  10:32  Baneling  
  151  10:33  Baneling x6  
  151  10:38  Drone  
  151  10:42  Extractor  
  151  10:53  Corruptor x2  
  155  11:04  Zergling x32  
  156  11:05  Zergling x6  
  174  11:18  Zergling x2  
  174  11:23  Zerg Missile Weapons Level 2, Zerg Ground Armor Level 1  
  175  11:25  Overlord x2  
  175  11:26  Overlord  
  159  11:49  Drone x3  
  159  11:50  Drone  
  159  11:52  Drone x2  
  159  11:53  Drone  
  166  11:57  Corruptor x6  
  178  12:09  Extractor  
  178  12:11  Extractor  
  176  12:16  Roach x10  
  196  12:38  Greater Spire  
  196  12:43  Hydralisk  
  196  12:44  Hydralisk  
  145  14:13  Brood Lord  
  145  14:14  Brood Lord x7  
  161  14:17  Roach x4  
  161  14:18  Roach x15  
  196  14:51  Roach  
  173  15:30  Roach x2  
  173  15:31  Roach x12  
  181  15:48  Roach x7  
  181  15:49  Roach x6  
  199  15:56  Overlord x3  
  185  16:29  Roach x8  
  185  16:30  Roach  
  189  16:49  Roach x3  
  195  17:07  Roach x2  
  199  17:09  Hatchery  
  198  17:21  Zerg Melee Weapons Level 1  
  194  17:48  Overlord  
  194  17:49  Corruptor, Overlord x3  
  194  17:50  Corruptor x4  
  194  17:51  Corruptor x3  
  90  18:22  Roach x7  
  94  18:37  Brood Lord x7  
  94  18:38  Brood Lord  
  94  18:39  Queen  
  112  18:54  Zergling x2  
  112  18:55  Zergling x14  
  120  19:03  Overlord  
  101  19:17  Corruptor x9  
  104  19:51  Corruptor  
  104  19:52  Corruptor x8  
  118  20:05  Overlord  
Tags
 
Composition
Mech
League
GoldGold
Matchup
TvZ
Replay Pack
sc2 replays
Spawn Locations
Cross Positions
Add a new tag
Caveats
  • Supply blocks, unpowered buildings, or Contaminate may cause inaccurate times.
  • Supply counts are checked every 10 seconds.